 Dungeon Crawl Stone Soup version 0.30.0-5-g1a98f26d00 (webtiles) character file.

Game seed: 12866328016245511093

84 McKennaii the Conjurer (level 4, -2/33 HPs)
             Began as a Demigod Conjurer on May 8, 2023.
             Succumbed to an orc wizard's poison
             ... on level 3 of the Dungeon.
             The game lasted 00:03:27 (3173 turns).

McKennaii the Conjurer (Demigod Conjurer)           Turns: 3173, Time: 00:03:28

Health: -2/33      AC:  4    Str:  6 (8)  XL:     4   Next: 4%
Magic:  11/11      EV: 17    Int: 21 (24) God:
Gold:   126        SH:  0    Dex:  9 (12) Spells: 5/8 levels left

rFire   . . .        (no weapon)
rCold   . . .        (no shield)
rNeg    . . .        a - +0 robe
rPois   .            m - +0 helmet
rElec   .            (no cloak)
rCorr   .            (no gloves)
SInv    .            j - +0 pair of boots
Will    .....        (no amulet)
Stlth   ++           l - +5 ring of evasion
HPRegen 0.25/turn    n - +4 ring of slaying
MPRegen 0.12/turn

%: no passive effects
@: lethally poisoned (-2 -> -13), attractive
A: high MP 1, forlorn, divine attributes
a: no special abilities


You were on level 3 of the Dungeon.
You visited 1 branch of the dungeon, and saw 4 of its levels.

You collected 126 gold pieces.

Inventory:

Armour
 a - a +0 robe (worn)
 j - a +0 pair of boots (worn)
 m - a +0 helmet (worn)
Jewellery
 l - a +5 ring of evasion (left hand)
 n - a +4 ring of slaying (right hand)
Scrolls
 c - a scroll of fear {unknown}
 f - 2 scrolls of amnesia {unknown}
 g - 4 scrolls of magic mapping {unknown}
 h - 5 scrolls of identify {unknown}
 k - 3 scrolls of immolation {unknown}
Potions
 b - a potion of magic
 e - a potion of degeneration


   Skills:
 - Level 2.0 Dodging
 - Level 2.1 Stealth
 + Level 2.8 Spellcasting
 + Level 4.3 Conjurations


You had 5 spell levels left.
You knew the following spells:

 Your Spells              Type           Power      Damage    Failure   Level
a - Magic Dart            Conj           84%        1d7       2%          1
b - Searing Ray           Conj           42%        2d6       3%          2

Your spell library contained the following spells:

 Spells                   Type           Power      Damage    Failure   Level
 Beastly Appendage        Tmut           4%         N/A       14%         1
 Dazzling Flash           Conj/Hex       24%        N/A       17%         3
 Cigotuvi's Dreadful Rot  Necr/Pois/Air  4%         N/A       21%         2
 Wereblood                Tmut           2%         N/A       21%         2
 Ignite Poison            Fire/Tmut/Pois 2%         N/A       38%         3
 Spider Form              Tmut/Pois      2%         N/A       38%         3
 Vhi's Electric Charge    Tloc/Air       4%         N/A       38%         3
 Fulminant Prism          Conj/Hex       6%         3d7       50%         4
 Iskenderun's Mystic Bla  Conj/Tloc      12%        2d5       50%         4
 Arcjolt                  Conj/Air       6%         1d16      83%         5
 Freezing Cloud           Conj/Ice/Air   4%         6-21      91%         5
 Plasma Beam              Fire/Air       1%         2x1d12    100%        6


Dungeon Overview and Level Annotations

Branches:
Dungeon (4/15)
 Temple: D:4-7


Innate Abilities, Weirdness & Mutations

You have an increased reservoir of magic. (+10% MP)
You shall have no god before yourself.
Your divine heritage dramatically boosts your attributes as you level up.


Message History

Something barely misses you.
You climb downwards.
Reactivating autopickup.
You feel sick.
Found 8 gold pieces and a chain mail.
Found a stone staircase leading up.
There is a stone staircase leading up here.
You bump into the rock wall.
You feel sick.
The howler monkey howls!
Something hits you but does no damage.
You are more poisoned.
Deactivating autopickup; reactivate with Ctrl-A.
The orc hits you but does no damage.
A hound comes into view.
The hound is attracted toward you.
You completely miss something.
You feel sick.
The hound barks!
Something hits you but does no damage.
You are more poisoned.
The orc misses you.
Unknown command.
You feel very sick.
An orc wizard appears from thin air!
Reactivating autopickup.
The orc wizard casts a spell at you. The magic dart hits you.
The orc hits you but does no damage.
You bump into the rock wall.
You feel sick. The hound bites you.
The orc wizard hits you but does no damage.
You are more poisoned.
The orc misses you. The hound misses you. The orc attacks as you move away!
The orc hits you but does no damage.
You feel less confused.
You feel very sick. The orc is attracted toward you.
There is a stone staircase leading up here.
You feel very sick.
The orc wizard points at you and mumbles some strange words.
The magic dart hits you!
* * * LOW HITPOINT WARNING * * *
You climb upwards.
You die...

†# #.........# .# #.........#
.# ###.........# .#
######...........# ##
#######......#.........#
####......................#
##..............._....<....#
##..##.......<..§...........#
...###..........@...........#
###..............o..##.######
...................###.#
#.................####.#
...................##..#
#..................##.##
....#.................#
.##.#.#..#........)####
.##......#.........#


You could see an orc wizard.

Vanquished Creatures
  An adder (D:2)
  4 dart slugs
  2 orcs (D:3)
  8 endoplasms
  3 giant cockroaches
  3 goblins
  6 hobgoblins
  3 jackals (D:1)
  10 kobolds
  A quokka (D:2)
  4 ball pythons
  11 bats
  5 frilled lizards
  A rat (D:3)
62 creatures vanquished.

Notes
Turn   | Place    | Note
-------+----------+-------------------------------------------
     0 | D:1      | McKennaii the Demigod Conjurer began the quest for the Orb.
     0 | D:1      | Reached XP level 1. HP: 14/14 MP: 5/5
    82 | D:1      | You fall into a shaft and drop 1 floor!
   395 | D:2      | Reached XP level 2. HP: 15/20 MP: 0/7
  1245 | D:2      | Reached skill level 4 in Conjurations
  1369 | D:1      | Reached XP level 3. HP: 25/26 MP: 7/9
  2986 | D:3      | Reached XP level 4. HP: 33/33 MP: 6/10
  3132 | D:3      | Learned a level 2 spell: Searing Ray
  3173 | D:3      | Succumbed to an orc wizard's poison

Illustrated notes

Levels and vault maps discovered:
D:1:      spicycebolla_arrival_risky_transporter, layout_basic,
          grunt_decor_resistance
D:2:      layout_loops_corners, st_stairs_13
D:3:      layout_rooms, mainiacjoe_overflow_surrounded_room,
          ebering_ecumenical_altar_mist, minmay_misc_feat_hallway
D:4:      layout_loops_ring, serial_undead, serial_undead_c, serial_undead_d,
          serial_undead_f, serial_undead_b, minmay_manual_mail, uniq_edmund,
          uniq_eustachio

Skill      XL: |  1  2 |
---------------+-------+-----
Stealth        | 2 |  2.1
Dodging        | 2 |  2.0
Spellcasting   | 2 |  2.8
Conjurations   | 4 |  4.3

Action                     |  1- 3 |  4- 6 || total
---------------------------+-------+-------++-------
  Melee: Unarmed           |     8 |     2 ||    10
   Cast: Magic Dart        |   134 |     4 ||   138
    Use: Potion            |       |     4 ||     4
 Armour: Robe              |     7 |     9 ||    16
  Dodge: Dodged            |    21 |    16 ||    37
